 Dungeon Crawl Stone Soup version 0.31-a0-175-g9f7f995f2b (webtiles) character file.

Game seed: 13605560485405805993

382 qw the Shooter (level 6, -1/38 HPs)
             Began as a Gargoyle Hunter on June 16, 2023.
             Killed from afar by Grinder (9 damage)
             ... with a puff of flame
             ... in a sewer.
             The game lasted 00:01:04 (2212 turns).

qw the Shooter (Gargoyle Hunter)                    Turns: 2212, Time: 00:01:05

Health: -1/38      AC: 10    Str: 15    XL:     6   Next: 76%
Magic:  6/6        EV: 11    Int:  9    God:
Gold:   199        SH:  0    Dex: 15    Spells: 5/5 levels left

rFire   . . .        Y - +0 shortbow (freeze)
rCold   . . .        (shield currently unavailable)
rNeg    + . .        b - +0 ring mail
rPois   inf          (no helmet)
rElec   +            (no cloak)
rCorr   .            (no gloves)
SInv    .            e - +0 pair of boots
Will    .....        (no amulet)
Stlth   +            (no ring)
HPRegen 0.26/turn    (no ring)
MPRegen 0.10/turn

%: no passive effects
@: no status effects
A: sickness immunity, AC +4, negative energy resistance 1, electricity
resistance, torment resistance 1, petrification resistance
a: no special abilities


You were in a sewer.
You visited 1 branch of the dungeon, and saw 4 of its levels.
You also visited: Sewer.

You collected 199 gold pieces.


Innate Abilities, Weirdness & Mutations

You are immune to sickness and miasma.
Your stone body is resilient. (AC +4)
You are immune to poison.
You resist negative energy. (rN+)
You are resistant to electric shocks. (rElec)
You are resistant to unholy torment.
You are immune to petrification.


   Skills:
 - Level 4.3 Fighting
 + Level 6.8 Ranged Weapons
 - Level 1.3 Armour
 - Level 1.5 Dodging
 - Level 1.1 Stealth


You had 5 spell levels left.
You didn't know any spells.
Your spell library was empty.

Inventory:

Hand Weapons
 Y - a +0 shortbow of freezing (weapon)
Armour
 b - a +0 ring mail (worn)
 e - a +0 pair of boots (worn)
Jewellery
 a - a ring of fire
Scrolls
 h - a scroll of blinking {unknown}
 i - a scroll of acquirement {unknown}
Potions
 c - a potion of resistance {unknown}
 d - 2 potions of heal wounds {unknown}
 f - a potion of haste
 g - a potion of magic {unknown}

Dungeon Overview and Level Annotations

Branches:
Dungeon (4/15)              Sewer (1/1)
 Temple: D:4-7

Altars:

Annotations:
Sewer Grinder


Message History

Enter note:
Enter note: You shoot an arrow.
The arrow hits Grinder!
Grinder is moderately wounded.
Grinder blinks!
You start resting.
Grinder is nearby!
You shoot an arrow. The arrow closely misses Grinder.
Grinder zaps a wand.
The puff of flame hits you.
You shoot an arrow. The arrow hits Grinder.
Grinder is moderately wounded.
You shoot an arrow. The arrow closely misses Grinder.
You shoot an arrow. The arrow hits Grinder.
Grinder is moderately wounded.
Grinder zaps a wand.
The puff of flame hits you.
2200 ||| FLEEEEING.
Grinder blinks!
There is a gate leading back out of this place here.
You start resting.
Grinder is nearby!
You shoot an arrow.
The arrow hits Grinder but does no damage.
Grinder is moderately wounded.
You shoot an arrow. The arrow hits Grinder.
Grinder is heavily wounded.
Grinder zaps a wand.
The puff of flame hits you!
You shoot an arrow. The arrow closely misses Grinder.
Grinder zaps a wand.
The puff of flame hits you.
You shoot an arrow. The arrow barely misses Grinder.
You shoot an arrow. The arrow closely misses Grinder.
You shoot an arrow.
The arrow hits Grinder but does no damage.
Grinder is heavily wounded.
Grinder zaps a wand.
The puff of flame hits you!
You shoot an arrow. The arrow barely misses Grinder.
Grinder says, "What is the universe for?"
You shoot an arrow. The arrow hits Grinder.
Grinder is heavily wounded.
Grinder zaps a wand.
The puff of flame hits you!
You die...

#~ยค.)~#
#~...~#
#~...~#
#~...~#
#~...~#
#~...~#
##..[##
##5##
#@# ###


You could see Grinder.

Vanquished Creatures
  A kobold brigand (Sewer)
  A necrophage (Sewer)
  A wight (Sewer)
  A howler monkey (D:4)
  4 adders
  2 shadow imps (Sewer)
  5 ufetubi (Sewer)
  An adder zombie (Sewer)
  2 worms
  A dart slug (D:3)
  4 orcs
  A bat zombie (Sewer)
  3 endoplasms
  9 giant cockroaches
  A hobgoblin (D:1)
  2 jackals (D:1)
  4 quokkas
  8 ball pythons
  3 bats
  3 frilled lizards
  A giant cockroach zombie (Sewer)
  15 kobolds
  5 rats
78 creatures vanquished.

Notes
Turn   | Place    | Note
-------+----------+-------------------------------------------
     0 | D:1      | qw the Gargoyle Hunter began the quest for the Orb.
     0 | D:1      | Reached XP level 1. HP: 12/12 MP: 1/1
     0 | D:1      | 0 ||| qw: Version: 0.2-a-29-g511e9b1
     0 | D:1      | 0 ||| qw: Game counter: 5931
     0 | D:1      | 0 ||| qw: Always use a shield: true
     0 | D:1      | 0 ||| qw: God list: Okawaru
     0 | D:1      | 0 ||| qw: Allow faded altars: false
     0 | D:1      | 0 ||| qw: Do Orc after D:15 true
     0 | D:1      | 0 ||| qw: Do second Lair branch before Depths: true
     0 | D:1      | 0 ||| qw: Lair rune preference: random
     0 | D:1      | 0 ||| qw: Plans: Normal, Zot:1-4, Slime:5, God:TSO, Crypt,
                  | Tomb, Abyss, Pan, Hells, Win
     0 | D:1      | 0 ||| PLANNING D:1-11
    40 | D:1      | 40 ||| Stepping ~*~*~tactically~*~*~ (water).
    76 | D:1      | Found a faded altar of an unknown god.
    90 | D:1      | Reached XP level 2. HP: 17/17 MP: 2/2
    92 | D:1      | 92 ||| FLEEEEING.
    93 | D:1      | 93 ||| FLEEEEING.
    94 | D:1      | 94 ||| FLEEEEING.
   750 | D:1      | 750 ||| UPGRADING to +0 pair of boots.
   755 | D:1      | 755 ||| READING scroll labelled FOMAPS ADARIRGH.
   756 | D:1      | 756 ||| DRINKING 2 ruby potions.
   757 | D:1      | 757 ||| DROPPING scroll of butterflies.
   928 | D:2      | Reached XP level 3. HP: 21/21 MP: 3/3
   994 | D:2      | Reached skill level 5 in Ranged Weapons
  1248 | D:2      | 1248 ||| FLEEEEING.
  1249 | D:2      | 1249 ||| FLEEEEING.
  1250 | D:2      | 1250 ||| FLEEEEING.
  1251 | D:2      | 1251 ||| FLEEEEING.
  1252 | D:2      | 1252 ||| FLEEEEING.
  1253 | D:2      | 1253 ||| FLEEEEING.
  1254 | D:2      | 1254 ||| FLEEEEING.
  1255 | D:2      | 1255 ||| FLEEEEING.
  1256 | D:2      | 1256 ||| FLEEEEING.
  1257 | D:2      | 1257 ||| FLEEEEING.
  1258 | D:2      | 1258 ||| FLEEEEING.
  1259 | D:2      | 1259 ||| FLEEEEING.
  1260 | D:2      | 1260 ||| FLEEEEING.
  1261 | D:2      | 1261 ||| FLEEEEING.
  1262 | D:2      | 1262 ||| FLEEEEING.
  1263 | D:2      | 1263 ||| FLEEEEING.
  1264 | D:2      | 1264 ||| FLEEEEING.
  1265 | D:2      | 1265 ||| FLEEEEING.
  1283 | D:2      | Reached skill level 3 in Fighting
  1384 | D:2      | Reached XP level 4. HP: 28/28 MP: 4/4
  1499 | D:2      | 1499 ||| UPGRADING to +0 ring mail.
  1509 | D:2      | 1509 ||| DROPPING +0 leather armour.
  1510 | D:2      | 1510 ||| READING scroll labelled OWOMIU QAOCS.
  1538 | D:3      | Reached skill level 1 in Armour
  1656 | D:3      | You fall into a shaft and drop 1 floor!
  1657 | D:4      | 1657 ||| PLANNING SEWER
  1698 | D:4      | Reached XP level 5. HP: 32/32 MP: 5/5
  1770 | D:4      | Found a glowing drain.
  1785 | D:4      | 1785 ||| Stepping ~*~*~tactically~*~*~ (water).
  1799 | Sewer    | Entered a sewer
  1909 | Sewer    | Reached skill level 6 in Ranged Weapons
  1954 | Sewer    | Found an ancient bone altar of Kikubaaqudgha.
  1970 | Sewer    | Reached XP level 6. HP: 29/38 MP: 6/6
  2180 | Sewer    | Noticed Grinder
  2181 | Sewer    | 2181 ||| FLEEEEING.
  2182 | Sewer    | 2182 ||| FLEEEEING.
  2183 | Sewer    | 2183 ||| FLEEEEING.
  2184 | Sewer    | 2184 ||| FLEEEEING.
  2200 | Sewer    | 2200 ||| FLEEEEING.
  2210 | Sewer    | HP: 8/38 [Grinder/puff of flame (9)]
  2212 | Sewer    | Killed from afar by Grinder

Levels and vault maps discovered:
D:1:      minmay_arrival_jagged, layout_basic,
          dreamdust_ecumenical_altar_statues, chequers_serial_rivers_large_b,
          dk_noncrumbling_2
D:2:      wander_river, layout_basic
D:3:      layout_basic, chequers_temple_overflow_minitemple
D:4:      layout_basic, nicolae_tso_swordbearing_angel,
          mainiacjoe_overflow_catwalk, portal_sewer_entry_f, uniq_robin
Sewer:    kennysheep_sewer_church

Skill      XL: |  1  2  3  4  5 |
---------------+----------------+-----
Ranged Weapons | 5 6 |  6.8
Fighting       | 3 4 |  4.3
Armour         | 1 |  1.3
Dodging        | |  1.5
Stealth        | |  1.1

Action                     |  1- 3 |  4- 6 || total
---------------------------+-------+-------++-------
   Fire: Shortbow          |    93 |   172 ||   265
    Use: Scroll            |     1 |     1 ||     2
         Potion            |     1 |       ||     1
 Armour: Leather armour    |     5 |       ||     5
         Ring mail         |       |    40 ||    40
  Dodge: Dodged            |    24 |    59 ||    83

Table legend:
 A = Non-vault XP
 B = Vault XP
 C = Vault XP percentage of total XP
 D = Non-vault monster count
 E = Vault monster count
 F = Vault count percentage of total count
                 A         B        C        D         E       F
            +---------+---------+-------+---------+---------+-------
      Total |     178 |     369 |  67.5 |      43 |      35 |  44.9
            +---------+---------+-------+---------+---------+-------
        D:1 |      30 |       0 |   0.0 |      21 |       0 |   0.0
        D:2 |      53 |       0 |   0.0 |      15 |       0 |   0.0
        D:3 |      32 |       0 |   0.0 |       4 |       0 |   0.0
        D:4 |      63 |      10 |  13.7 |       3 |       5 |  62.5
      Sewer |       0 |     359 | 100.0 |       0 |      30 | 100.0
            +---------+---------+-------+---------+---------+-------
